 Dungeon Crawl Stone Soup version 0.29.1-15-g9cfb28693d (webtiles) character file.

Game seed: 15275130870790784573

1038 monsoonserge the Grave Robber (level 8, -11/57 HPs)
             Began as a Vampire Necromancer on Apr 17, 2023.
             Was an Initiate of Ashenzari.
             Engulfed by a cloud of flame (17 damage)
             ... on level 5 of the Dungeon.
             The game lasted 00:28:38 (4116 turns).

monsoonserge the Grave Robber (Vampire Necromancer) Turns: 4116, Time: 00:28:39

Health: -11/57     AC: -6    Str:  7    XL:     8   Next: 4%
Magic:  0/11       EV: 13    Int: 20    God:    Ashenzari [......]
Gold:   287        SH:  0    Dex: 14    Spells: 7/11 levels left

rFire   . . .      SeeInvis +   k - +0 falchion (flame)
rCold   . . .      Faith    .   (no shield)
rNeg    . . .      Spirit   .   y - +0 troll leather armour {Pargi}
rPois   .          Reflect  .   (no helmet)
rElec   .          Harm     .   A - +0 cloak of the Ruined God {Cun, Alch} (curse)
rCorr   .          Rampage  .   (no gloves)
Will    .....                   (no boots)
Stlth   +++.......              (no amulet)
HPRegen 1.19/turn               (no ring)
MPRegen 0.12/turn               (no ring)

@: corroded, healing quickly
A: alive, fangs 3, see invisible, vampiric 2
a: Exsanguinate, Renounce Religion, Shatter the Chains


You were on level 5 of the Dungeon.
You worshipped Ashenzari.
Ashenzari was noncommittal.
You visited 1 branch of the dungeon, and saw 5 of its levels.
You also visited: Sewer.

You collected 287 gold pieces.

Inventory:

Hand Weapons
 h - a +0 short sword
 k - a +0 falchion of flaming (weapon)
 o - a +0 dagger of venom
 v - a +3 quarterstaff of chaos
 B - a +1 whip of venom
Missiles
 i - a throwing net
 n - 43 stones
 E - a boomerang (quivered)
 F - 4 curare-tipped darts
 G - 3 poisoned darts
Armour
 d - a +0 ring mail
 y - a +0 troll leather armour (worn) {Pargi}
 A - the cursed +0 cloak of the Ruined God (worn) {Cun, Alch}
   (You took it off Crazy Yiuf on level 3 of the Dungeon)

   It has a curse which improves the following skills: Cunning: Dodging and
   Stealth.
   Alchemy:   Poison Magic and Transmutations.
Wands
 a - a wand of flame (15)
 q - a wand of iceblast (15)
Scrolls
 c - a scroll of summoning {unknown}
 e - 2 scrolls of enchant weapon
 f - 5 scrolls of teleportation {unknown}
 l - 3 scrolls of amnesia {unknown}
 p - a scroll of fear {unknown}
 r - 4 scrolls of identify
 t - a scroll of torment {unknown}
 u - a scroll of immolation
 w - a scroll of noise {unknown}
 x - a scroll of magic mapping {unknown}
 D - a scroll of enchant armour {unknown}
Potions
 b - a potion of magic
 g - 2 potions of haste
 j - 2 potions of brilliance {unknown}
 m - 2 potions of heal wounds
 s - 4 potions of curing {unknown}
 z - 2 potions of might {unknown}
 C - a potion of ambrosia {unknown}


   Skills:
 + Level 2.7 Fighting
 + Level 2.6 Short Blades
 + Level 0.6 Throwing
 + Level 3.0 Armour
 + Level 4.2(4.6) Dodging
 + Level 5.2(5.6) Stealth
 - Level 2.0 Spellcasting
 + Level 7.6 Necromancy


You had 7 spell levels left.
You knew the following spells:

 Your Spells              Type           Power      Damage    Failure   Level
a - Necrotise             Necr           100%       1d9       1%          1
b - Vampiric Draining     Necr           32%        2d8       3%          3

Your spell library contained the following spells:

 Spells                   Type           Power      Damage    Failure   Level
 Sublimation of Blood     Necr           32%        N/A       1%          2
 Animate Dead             Necr           32%        N/A       10%         4
 Beastly Appendage        Tmut           4%         N/A       22%         1
 Agony                    Necr           32%        N/A       28%         5
 Poisonous Vapours        Pois/Air       4%         N/A       34%         2
 Wereblood                Tmut           2%         N/A       34%         2
 Spider Form              Tmut/Pois      2%         N/A       56%         3
 Corpse Rot               Necr/Pois/Air  12%        N/A       63%         4
 Fulminant Prism          Conj/Hex       1%         3d6       92%         4
 Iskenderun's Mystic Bla  Conj/Tloc      2%         2d3       92%         4
 Lee's Rapid Deconstruct  Erth           1%         3d5*      99%         5
 Conjure Ball Lightning   Conj/Air       1%         3x3d6     100%        6
 Summon Hydra             Summ           1%         N/A       100%        7
 Discord                  Hex            1%         N/A       100%        8
 Disjunction              Tloc           1%         N/A       100%        8


Dungeon Overview and Level Annotations

Branches:
Dungeon (5/15)              Sewer (visited)
 Temple: D:4-7

Altars:
Ashenzari
Wu Jian

Shops:
D:5 [


Innate Abilities, Weirdness & Mutations

Your natural rate of healing is accelerated.
You have razor-sharp teeth.
You have supernaturally acute eyesight. (SInv)
You are afflicted with vampirism and can become a bat while bloodless.


Message History

Confirm with . or Enter, or press ? or * to list all spells.
Aiming: Vampiric Draining (dangerous; 3% risk of failure)
Press: ? - help, Shift-Dir - straight line, f - hound
Aim: a hound You draw life force from the hound!
You feel life coursing into your body! The hound barely misses you.
The phantom hits you. The hound closely misses you.
You hit the phantom but do no damage.
The phantom is lightly damaged.
The phantom hits you. The hound bites you. The phantom barely misses you.
Okay, then.
As you read the scroll labelled JAUNTU ZOHAXI, it crumbles to dust.
It is a scroll of identify.
e - 2 scrolls of enchant weapon The hound bites you.
The hound closely misses you. The ogre closely misses you.
The phantom closely misses you.
As you read the scroll labelled ABOBLI ZEPSENO, it crumbles to dust.
The creatures around you are filled with an inner flame!
It was a scroll of immolation.
The hound bites you. The phantom hits you!
* * * LOW HITPOINT WARNING * * *
The phantom blinks!
You blink.
The phantom attacks as you move away! The phantom hits you.
* * * LOW HITPOINT WARNING * * *
You feel much better. The hound completely misses you.
The phantom closely misses you.
Casting: Vampiric Draining (dangerous; 3% risk of failure)
Confirm with . or Enter, or press ? or * to list all spells.
Aiming: Vampiric Draining (dangerous; 3% risk of failure)
Press: ? - help, Shift-Dir - straight line, f/p - hound
Aim: a hound (severely wounded, inner flame)
You draw life force from the hound.
You feel life coursing into your body.
The hound explodes!
The fiery explosion engulfs the phantom!
Flame seeps out of the phantom.
The phantom is heavily damaged.
The fiery explosion engulfs you!!
Ouch! That really hurt!
* * * LOW HITPOINT WARNING * * *
You are engulfed in blazing flames.
You die...

..........#....................
#..........#...##.....##...##...
#(.O.......#...##.....##...##...
#..........#...##......#........
#..........#)...#......#........
#..........#....#......#........
#..........#..§§# .....#........
#..........#.§§§#......#........
#............§W@.+...# #...#####
####'#.#...#..O#...# #...##...
.. #..###.....###....#........
'. #..# #.....# ...#........
#..##.......# .#........
#.#...#####...#. #........
+..... ..... #........ #.....
...... ########. ......#. ......
#.


You could see an ogre (inner flame) and a phantom (inner flame).

Vanquished Creatures
  A water moccasin (D:5)
  Pargi (Sewer)
  A black bear (D:4)
  An ogre (D:5)
  A centaur (D:5)
  A scorpion (D:5)
  A jelly (D:5)
  2 howler monkeys (D:5)
  Crazy Yiuf (D:3)
  2 orc priests
  4 hounds (D:5)
  An iguana (D:5)
  An orc wizard (D:5)
  Natasha (D:2)
  6 adders
  A worm (D:3)
  2 dart slugs (D:1)
  8 orcs
  2 ball pythons (D:1)
  9 endoplasms
  8 giant cockroaches
  5 goblins
  8 hobgoblins
  16 kobolds
  4 quokkas
  8 bats
  2 frilled lizards (D:3)
  5 rats
103 creatures vanquished.

Vanquished Creatures (collateral kills)
  A quokka (D:1)
  2 frilled lizards (D:2)
  A rat (D:1)
4 creatures vanquished.

Grand Total: 107 creatures vanquished

Notes
Turn   | Place    | Note
-------+----------+-------------------------------------------
     0 | D:1      | monsoonserge the Vampire Necromancer began the quest for
                  | the Orb.
     0 | D:1      | Reached XP level 1. HP: 13/13 MP: 3/3
   164 | D:1      | Reached XP level 2. HP: 15/19 MP: 0/5
   295 | D:1      | Found a faded altar of an unknown god.
   424 | D:1      | Reached skill level 5 in Necromancy
   794 | D:1      | Gained mutation: You are afflicted with vampirism and can
                  | become a bat while bloodless. [Vampire growth]
   794 | D:1      | Reached XP level 3. HP: 24/24 MP: 4/6
  1193 | D:2      | Reached skill level 1 in Armour
  1460 | D:2      | Reached XP level 4. HP: 30/30 MP: 5/7
  1488 | D:2      | Noticed Natasha
  1498 | D:2      | Killed Natasha
  1944 | D:3      | Found an ornate altar of the Wu Jian Council.
  2049 | D:3      | Reached XP level 5. HP: 36/36 MP: 5/8
  2072 | D:3      | Found a glowing drain.
  2079 | Sewer    | Entered a sewer
  2084 | Sewer    | Learned a level 3 spell: Vampiric Draining
  2195 | Sewer    | Noticed Pargi
  2205 | Sewer    | Killed Pargi
  2206 | Sewer    | Reached skill level 1 in Short Blades
  2206 | Sewer    | Reached skill level 6 in Necromancy
  2521 | D:3      | Found a runed translucent door.
  2522 | D:3      | Noticed Crazy Yiuf
  2533 | D:3      | Killed Crazy Yiuf
  2534 | D:3      | Reached XP level 6. HP: 35/42 MP: 9/9
  3061 | D:4      | Reached skill level 1 in Fighting
  3189 | D:4      | Found a broken altar of Ashenzari.
  3200 | D:4      | Became a worshipper of Ashenzari the Shackled
  3468 | D:5      | Entered Level 5 of the Dungeon
  3501 | D:5      | Reached skill level 5 in Stealth
  3509 | D:5      | Reached skill level 7 in Necromancy
  3509 | D:5      | Reached XP level 7. HP: 33/48 MP: 1/10
  4086 | D:5      | Found Maeshrof's Armour Shop.
  4099 | D:5      | Reached XP level 8. HP: 29/57 MP: 3/11
  4116 | D:5      | Engulfed by a cloud of flame

Illustrated notes

Levels and vault maps discovered:
D:1:      heliophobic_arrival_ceremonial_halls, layout_loops_cross,
          hellmonk_ecumenical_altar_slurped_away,
          chequers_serial_rivers_small_a, minmay_indecisive_spiral
D:2:      layout_rooms, uniq_natasha
D:3:      layout_basic, mainiacjoe_overflow_surrounded_room,
          gup_sewer_entry_bubbles, uniq_crazy_yiuf_cottage
D:4:      layout_loops_ring, mainiacjoe_overflow_paths, elyvilon_altar_5
D:5:      layout_gridville, nicolae_gozag_cash_rules_everything_around_me,
          serial_shops, shop, minmay_misc_feat_rows,
          chequers_serial_rivers_micro_b, minmay_fractal_squares_diagonal_5

Skill      XL: |  1  2  3  4  5  6  7 |
---------------+----------------------+-----
Necromancy     | 5 6 7 |  7.6
Armour         | 1 2 3 |  3.0
Short Blades   | 1 2 |  2.6
Stealth        | 4 5 |  5.2
Fighting       | 1 2 |  2.7
Dodging        | 3 4 |  4.2
Throwing       | |  0.6
Spellcasting   | |  2.0

Action                   |  1- 3 |  4- 6 |  7- 9 || total
-------------------------+-------+-------+-------++-------
Melee: Unarmed           |    38 |       |       ||    38
       Bite              |     6 |     8 |     8 ||    22
       Short sword       |     5 |       |       ||     5
       Dagger            |    14 |   116 |    70 ||   200
       Falchion          |    13 |       |    14 ||    27
       Punch             |     1 |     2 |     5 ||     8
Throw: Stone             |       |     2 |       ||     2
       Boomerang         |       |       |     7 ||     7
       Dart              |       |       |     3 ||     3
 Cast: Necrotise         |    44 |    29 |     2 ||    75
       Vampiric Draining |       |     7 |    12 ||    19
Invok: Curse Item        |       |       |     1 ||     1
  Use: Potion            |       |       |     3 ||     3
       Scroll            |       |       |     2 ||     2
 Stab: Sleeping          |     1 |     6 |       ||     7
       Distracted        |       |     1 |       ||     1
Armor: Ring mail         |    35 |    11 |       ||    46
       Leather armour    |       |     8 |       ||     8
       Troll leather arm |       |    13 |    30 ||    43
Dodge: Dodged            |    42 |    98 |    94 ||   234
